 Dungeon Crawl Stone Soup version 0.29-a0-495-g17b79114eb (webtiles) character file.

Game seed: 14687262168897276195

1102 jlumianski the Covert (level 8, -8/40 HPs)
             Began as a Spriggan Delver on May 27, 2022.
             Was a Believer of Wu Jian.
             Mangled by an orc warrior
             ... wielding a +0 long sword
              (19 damage)
             ... on level 6 of the Dungeon.
             The game lasted 01:11:19 (10036 turns).

jlumianski the Covert (Spriggan Delver)            Turns: 10036, Time: 01:11:20

Health: -8/40      AC:  3    Str:  8    XL:     8   Next: 10%
Magic:  15/15      EV: 19    Int: 12    God:    Wu Jian [**....]
Gold:   217        SH:  0    Dex: 18    Spells: 7/15 levels left

rFire   + . .      SeeInvis +   x - +0 hand crossbow
rCold   + . .      Faith    .   (no shield)
rNeg    . . .      Spirit   .   b - +0 robe
rPois   .          Reflect  .   (helmet restricted)
rElec   .          Harm     .   z - +0 cloak
rCorr   .          Rampage  .   (gloves unavailable)
Will    +....                   (boots unavailable)
Stlth   +++++.....              (no amulet)
HPRegen 0.13/turn               w - ring of protection from fire
MPRegen 0.14/turn               (no ring)

@: very quick
A: very small, no large weapons, unfitting armour, see invisible, speed 3,
hooves 1, cold resistance 1
a: Renounce Religion, Wall Jump


You were on level 6 of the Dungeon.
You worshipped Wu Jian.
Wu Jian was pleased with you.
You visited 1 branch of the dungeon, and saw 7 of its levels.

You collected 252 gold pieces.
You spent 35 gold pieces at shops.

Inventory:

Hand Weapons
 a - a +0 short sword of protection
 i - a +0 short sword of electrocution
 s - a +2 rapier of speed
 x - a +0 hand crossbow (weapon)
 D - a +0 hunting sling
 E - a +0 falchion of electrocution
Missiles
 j - 227 stones
 p - 5 curare-tipped darts
 C - 3 poisoned darts
Armour
 b - a +0 robe (worn)
 v - an orb of guile
 z - a +0 cloak (worn)
Jewellery
 o - a ring of ice
 w - a ring of protection from fire (left hand)
 B - an amulet of faith
Wands
 d - a wand of polymorph (5)
 g - a wand of digging (3)
 u - a wand of iceblast (8)
 A - a wand of flame (12)
Scrolls
 c - a scroll of fog
 e - 3 scrolls of fear
 k - a scroll of amnesia
 l - a scroll of brand weapon
 m - a scroll of magic mapping
 n - a scroll of teleportation
 t - a scroll of silence
 y - 2 scrolls of identify
Potions
 f - 3 potions of haste
 h - a potion of heal wounds
 q - 3 potions of brilliance
 r - a potion of curing


   Skills:
 + Level 3.3 Fighting
 + Level 4.8 Short Blades
 - Level 2.6(2.9) Slings
 + Level 0.6 Crossbows
 - Level 1.2(2.0) Throwing
 + Level 3.9 Dodging
 * Level 10.4 Stealth
 - Level 4.3 Spellcasting
 - Level 3.8 Hexes
 - Level 0.7 Summonings


You had 7 spell levels left.
You knew the following spells:

 Your Spells              Type           Power      Damage    Failure   Level
a - Portal Projectile     Hex/Tloc       14%        N/A       28%         3
b - Call Imp              Summ           4%         N/A       24%         2
c - Tukima's Dance        Hex            11%        N/A       13%         3

Your spell library contained the following spells:

 Spells                   Type           Power      Damage    Failure   Level
 Beastly Appendage        Tmut           4%         N/A       22%         1
 Freeze                   Ice            8%         1d3       22%         1
 Magic Dart               Conj           8%         1d3       22%         1
 Wereblood                Tmut           2%         N/A       32%         2
 Frozen Ramparts          Ice            4%         1d2       54%         3
 Mephitic Cloud           Conj/Pois/Air  2%         N/A       54%         3
 Spider Form              Tmut/Pois      2%         N/A       54%         3
 Hailstorm                Conj/Ice       2%         3d3       91%         4
 Blade Hands              Tmut           1%         N/A       99%         5


Dungeon Overview and Level Annotations

Branches:
Dungeon (7/15)             Temple (0/1) D:7

Altars:
Cheibriados
Fedhas
Gozag
Qazlal
Sif Muna
Trog
Vehumet
Wu Jian
Lugonu

Shops:
D:1 :   D:7 (

Portals:
Abyss: D:4


Innate Abilities, Weirdness & Mutations

You are very small and have problems with some larger weapons.
You are too small for most types of armour.
You have supernaturally acute eyesight. (SInv)
You cover ground extremely quickly. (Speed+++)
You have large cloven feet.
Your flesh is cold resistant. (rC+)


Message History

Shoot: x) +0 hand crossbow
Press: ? - help, Q - select action, (/) - cycle Shift-Dir - straight line, f - you
Okay, then.
You see here a +0 long sword.
Shoot: x) +0 hand crossbow
Press: ? - help, Q - select action, (/) - cycle Shift-Dir - straight line, f/p - orc warrior
Aim: an orc warrior, wielding a +0 long sword and wearing a +0 chain mail (heavily wounded, 60% to hit)
You shoot a bolt. The bolt hits the orc warrior.
The orc warrior is heavily wounded.
Shoot: x) +0 hand crossbow
Press: ? - help, Q - select action, (/) - cycle Shift-Dir - straight line, f/p - orc warrior
Aim: an orc warrior, wielding a +0 long sword and wearing a +0 chain mail (heavily wounded, 60% to hit)
You shoot a bolt. The bolt barely misses the orc warrior.
Shoot: x) +0 hand crossbow
Press: ? - help, Q - select action, (/) - cycle Shift-Dir - straight line, f/p - orc warrior
Aim: an orc warrior, wielding a +0 long sword and wearing a +0 chain mail (heavily wounded, 60% to hit)
You shoot a bolt.
The bolt hits the orc warrior but does no damage.
The orc warrior is heavily wounded.
Shoot: x) +0 hand crossbow
Press: ? - help, Q - select action, (/) - cycle Shift-Dir - straight line, f/p - orc warrior
Aim: an orc warrior, wielding a +0 long sword and wearing a +0 chain mail (heavily wounded, 60% to hit)
You shoot a bolt.
The bolt closely misses the orc warrior.
Shoot: x) +0 hand crossbow
Press: ? - help, Q - select action, (/) - cycle Shift-Dir - straight line, f/p - orc warrior
Aim: an orc warrior, wielding a +0 long sword and wearing a +0 chain mail (heavily wounded, 60% to hit)
You shoot a bolt. The bolt hits the orc warrior.
The orc warrior is severely wounded.
Shoot: x) +0 hand crossbow
Press: ? - help, Q - select action, (/) - cycle Shift-Dir - straight line, f/p - orc warrior
Aim: an orc warrior, wielding a +0 long sword and wearing a +0 chain mail (severely wounded, 60% to hit)
You shoot a bolt. The bolt barely misses the orc warrior.
Shoot: x) +0 hand crossbow
Press: ? - help, Q - select action, (/) - cycle Shift-Dir - straight line, f/p - orc warrior
Aim: an orc warrior, wielding a +0 long sword and wearing a +0 chain mail (severely wounded, 60% to hit)
You shoot a bolt.
The bolt closely misses the orc warrior.
The orc warrior hits you with a +0 long sword!!
You die...

############......[).....#
...^.......'>....[>).....#
##.#########.............#
##'####### #.............#
.........# #.............#
.........# #.............#
.........# #.............#
.........# #....o........#
.........# #....@........#
.........# #.............#
.........# ######.########
##'####### #........# #.#
#........# #.# #........#
##.# #........# .#.#
#........# .#.# #####.####


You could see an orc warrior.

Vanquished Creatures
  An ogre (D:7)
  2 phantoms
  A necrophage (D:5)
  A howler monkey (D:6)
  3 hounds
  A gnoll shaman (D:6)
  2 orc priests
  3 iguanas
  3 orc wizards
  A mummy (D:5)
  17 gnolls
  10 adders
  A river rat (D:5)
  5 white imps
  2 ufetubi (D:5)
  2 dart slugs
  3 worms
  13 orcs
  4 bats
  9 endoplasms
  5 giant cockroaches
  5 goblins
  3 hobgoblins
  8 quokkas
  5 ball pythons
  4 frilled lizards (D:3)
  7 kobolds
  9 rats
130 creatures vanquished.

Vanquished Creatures (others)
  2 fungi (D:2)
  A lurking horror (D:4)
  5 plants (D:2)
8 creatures vanquished.

Grand Total: 138 creatures vanquished

Notes
Turn   | Place    | Note
-------+----------+-------------------------------------------
     0 | D:5      | jlumianski the Spriggan Delver began the quest for the Orb.
     0 | D:5      | Reached XP level 1. HP: 11/11 MP: 2/2
   158 | D:5      | Noticed a necrophage
   195 | D:4      | Found a one-way gate to the infinite horrors of the Abyss.
   196 | D:4      | Found a corrupted altar of Lugonu.
   405 | D:4      | Noticed a killer bee
   413 | D:4      | Noticed an iguana
   459 | D:4      | Found a blossoming altar of Fedhas.
   470 | D:4      | Noticed an iguana
   527 | D:5      | Reached XP level 2. HP: 5/16 MP: 3/3
   546 | D:4      | Found an opulent altar of Gozag.
   608 | D:4      | Reached skill level 8 in Stealth
   608 | D:4      | Reached XP level 3. HP: 9/19 MP: 4/4
   844 | D:1      | Found Yqemepei's Book Shop.
  1520 | D:1      | Reached XP level 4. HP: 23/23 MP: 5/5
  1578 | D:1      | Learned a level 3 spell: Portal Projectile
  2174 | D:2      | Reached skill level 9 in Stealth
  2311 | D:2      | Found an ornate altar of the Wu Jian Council.
  2322 | D:2      | Became a worshipper of the Wu Jian Council
  2476 | D:2      | Found a faded altar of an unknown god.
  2934 | D:2      | HP: 1/23 [gnoll/stone (3)]
  3321 | D:3      | Found a shimmering blue altar of Sif Muna.
  3640 | D:3      | Reached skill level 1 in Hexes
  3640 | D:3      | Reached XP level 5. HP: 16/28 MP: 7/7
  3865 | D:2      | Reached skill level 1 in Spellcasting
  4404 | D:2      | Reached skill level 1 in Throwing
  4480 | D:2      | Learned a level 2 spell: Call Imp
  5294 | D:3      | Reached * piety under Wu Jian
  5446 | D:3      | Reached XP level 6. HP: 23/32 MP: 10/10
  5744 | D:3      | Identified a scroll of acquirement
  5806 | D:3      | Acquired a +2 rapier of speed
  5841 | D:3      | Gained mutation: You have large cloven feet. [potion of
                  | mutation]
  5841 | D:3      | Gained mutation: Your flesh is cold resistant. (rC+)
                  | [potion of mutation]
  6994 | D:5      | Reached skill level 1 in Slings
  7040 | D:5      | Found a snail-covered altar of Cheibriados.
  7403 | D:5      | Found an ornate altar of the Wu Jian Council.
  7515 | D:5      | Reached XP level 7. HP: 36/36 MP: 12/12
  7755 | D:5      | Reached ** piety under Wu Jian
  7837 | D:6      | Learned a level 3 spell: Tukima's Dance
  7884 | D:6      | Found a bloodstained altar of Trog.
  7999 | D:6      | Reached skill level 10 in Stealth
  8884 | D:6      | Upgraded the game from 0.29-a0-490-g77b3608bb8 to
                  | 0.29-a0-495-g17b79114eb
  8907 | D:7      | Found a stormy altar of Qazlal.
  8912 | D:7      | Found a staircase to the Ecumenical Temple.
  8940 | D:7      | Found Ehok's Weapon Emporium.
  9086 | D:7      | Bought a +0 hand crossbow for 35 gold pieces
  9181 | D:7      | Reached XP level 8. HP: 40/40 MP: 15/15
  9292 | D:7      | HP: 1/40 [orc/+0 falchion of electrocution (13)]
  9894 | D:7      | Found a radiant altar of Vehumet.
 10036 | D:6      | Mangled by an orc warrior

Illustrated notes

Levels and vault maps discovered:
D:1:      heliophobic_arrival_dark_side_of_the_moon, layout_rooms, serial_shops,
          shop, dk_noncrumbling_3
D:2:      layout_basic, basic_altar, shapermc_ecumenical_altar_mp_urbaneastern
D:3:      kennysheep_big_flooded_room, layout_basic,
          mainiacjoe_overflow_surrounded_room, chequers_serial_rivers_small_3,
          kennysheep_generic_room_13
D:4:      layout_basic, nicolae_gozag_seed_capital, fedhas_altar_2,
          nicolae_yredelemnul_ghost_church, amcnicky_altar_lugonu_corruption
D:5:      layout_rooms, nzn_wu_jian_contemplation, slow_altar_1,
          gup_sewer_entry_spiral
D:6:      layout_basic, mainiacjoe_overflow_catwalk
D:7:      layout_loops_ring, nicolae_ru_great_annihilating_truth,
          mainiacjoe_overflow_tiny_flanked, grunt_ashenzari_visionary
          [grunt_ashenzari_visionary_swamp, grunt_ashenzari_visionary_spider],
          fiery_altar_vehumet, minmay_temple_entry_waves, serial_shops,
          nicolae_inconvenience_store

Skill      XL: |  1  2  3  4  5  6  7 |
---------------+----------------------+-----
Stealth        | 8 9 10 | 10.4
Dodging        | 3 |  3.9
Short Blades   | 3 4 |  4.8
Hexes          | 1 2 3 |  3.8
Spellcasting   | 2 3 4 |  4.3
Throwing       | 1 |  1.2
Fighting       | 3 |  3.3
Slings         | 1 2 |  2.6
Crossbows      | |  0.6
Summonings     | |  0.7

Action                   |  1- 3 |  4- 6 |  7- 9 || total
-------------------------+-------+-------+-------++-------
Melee: Short sword       |    50 |   207 |       ||   257
       Punch             |     1 |       |       ||     1
       Rapier            |       |   104 |    98 ||   202
       Kick              |       |    28 |    27 ||    55
 Fire: Hunting sling     |       |    25 |    29 ||    54
       Hand crossbow     |       |       |    39 ||    39
Throw: Stone             |    14 |    63 |     1 ||    78
       Dart              |     4 |     9 |       ||    13
Invok: Lunge             |       |    37 |    19 ||    56
       Whirlwind         |       |    10 |     2 ||    12
 Abil: Wall Jump         |       |       |     3 ||     3
  Use: Scroll            |     2 |     8 |     1 ||    11
       Potion            |       |     7 |       ||     7
 Stab: Sleeping          |     7 |    15 |     4 ||    26
       Distracted        |     1 |     3 |     1 ||     5
Armor: Robe              |     4 |    13 |     3 ||    20
Dodge: Dodged            |    29 |   184 |    48 ||   261

Table legend: (Time is in decaauts)
 A = Elapsed time spent in this place.
 B = Non-inter-level travel time spent in this place.
 C = Inter-level travel time spent in this place.
 D = Time resting spent in this place.
 E = Time spent auto-exploring this place.
 F = Levels seen in this place.
 G = Mean time per level.
                   A        B        C        D        E       F      G
               +--------+--------+--------+--------+--------+-----+--------+
         Total |   7693 |   7637 |     56 |   2383 |   1282 |   7 | 1099.0 |
       Dungeon |   7693 |   7637 |     56 |   2383 |   1282 |   7 | 1099.0 |
               +--------+--------+--------+--------+--------+-----+--------+

Top non-repeatable levels by time:
     D:2: 1617 daAuts
     D:6: 1436 daAuts
     D:3: 1186 daAuts
     D:5: 1152 daAuts
     D:1: 1073 daAuts
     D:4: 895 daAuts
     D:7: 331 daAuts
